[ PARTIDA AOE2 · #464990478 ]
UnrankedBorgoñones vs Portuguese
[ ANÁLISIS DE REPETICIÓN · EXTRAÍDO DE LA PARTIDA GRABADA ]
Feudal
9:29
Castillos
23:46
Imperial
47:35
| APM promedio | 38.5 |
| APM pico | 76 |
| eAPM promedio | 23.1 |
| Aldeanos / militares | 112 / 88 |
Foco
⚔️ 32.0% · 🌾 68.0%
Knight ×44 · Coustillier ×13 · Scorpion ×9 · Battering Ram ×9 · Scout Cavalry ×6 · Spearman ×4
Feudal
8:56
Castillos
22:37
Imperial
33:43
| APM promedio | 56.8 |
| APM pico | 119 |
| eAPM promedio | 18.1 |
| Aldeanos / militares | 136 / 136 |
Foco
⚔️ 29.5% · 🌾 70.5%
Archer ×121 · Trebuchet (Packed) ×8 · Spearman ×6 · Monk ×1
Feudal
13:04
Castillos
24:03
Imperial
44:36
| APM promedio | 40.8 |
| APM pico | 82 |
| eAPM promedio | 21.9 |
| Aldeanos / militares | 137 / 150 |
Foco
⚔️ 43.8% · 🌾 56.2%
Archer ×89 · Spearman ×54 · Mangonel ×7
Feudal
8:51
Castillos
23:49
Imperial
—
| APM promedio | 26.8 |
| APM pico | 80 |
| eAPM promedio | 12.6 |
| Aldeanos / militares | 91 / 53 |
Foco
⚔️ 23.7% · 🌾 76.3%
Knight ×25 · Scout Cavalry ×16 · Spearman ×9 · Militia ×2 · Mangonel ×1
Feudal
9:23
Castillos
28:01
Imperial
48:19
| APM promedio | 62.7 |
| APM pico | 103 |
| eAPM promedio | 34.5 |
| Aldeanos / militares | 103 / 103 |
Foco
⚔️ 19.5% · 🌾 80.5%
Knight ×57 · Scout Cavalry ×39 · Monk ×4 · Spearman ×3
Feudal
8:43
Castillos
26:30
Imperial
—
| APM promedio | 43.4 |
| APM pico | 95 |
| eAPM promedio | 16.5 |
| Aldeanos / militares | 101 / 29 |
Foco
⚔️ 38.7% · 🌾 61.3%
Unknown (2579) ×49 · Archer ×16 · Skirmisher ×10 · Spearman ×3
Mapa de la partida
Recursos iniciales + cada clic de construcción. Líneas = muros · curvas = relieve. ◆ oro · ⬟ piedra · ● bayas · ✦ reliquia · ◌ hueco del cierre
Tu base· Abierta — flanco sin cerrar
Base de [Slowhand] Jose023· Abierta — flanco sin cerrar
Base de itzdartzz_· Abierta — flanco sin cerrar
Base de Lord_Juanuribe· Abierta — flanco sin cerrar
Base de [_M_] S_Madro· Abierta — hueco de 2t
Base de Feathers McGraw· Abierta — hueco de 2t
Terreno inicial suavizado · ◌ = hueco del cierre detectado · pasá el cursor para detalles
Inputs por minuto
— Kurama - - [Slowhand] Jose023
Build order — Kurama
Primeras 150 de 350 acciones detectadas
| 0:04 | Crear | Villager (Male) |
| 0:04 | Crear | Villager (Male) |
| 0:04 | Crear | Villager (Male) |
| 0:05 | Crear | Villager (Male) |
| 0:06 | Construir | House |
| 0:09 | Construir | House |
| 0:19 | Investigar | Loom |
| 0:20 | Crear | Villager (Male) |
| 0:20 | Crear | Villager (Male) |
| 0:20 | Crear | Villager (Male) |
| 0:34 | Crear | Villager (Male) |
| 0:34 | Crear | Villager (Male) |
| 1:18 | Crear | Villager (Male) |
| 1:56 | Crear | Villager (Male) |
| 1:56 | Crear | Villager (Male) |
| 2:07 | Crear | Villager (Male) |
| 2:07 | Crear | Villager (Male) |
| 2:07 | Crear | Villager (Male) |
| 2:54 | Construir | House |
| 2:55 | Construir | House |
| 2:57 | Crear | Villager (Male) |
| 3:30 | Crear | Villager (Male) |
| 3:51 | Construir | Lumber Camp |
| 4:19 | Crear | Villager (Male) |
| 4:42 | Investigar | Double-Bit Axe |
| 4:51 | Crear | Villager (Male) |
| 5:05 | Crear | Villager (Male) |
| 5:29 | Construir | Mill |
| 5:43 | Crear | Villager (Male) |
| 6:27 | Crear | Villager (Male) |
| 6:46 | Crear | Villager (Male) |
| 7:19 | Investigar | Feudal Age |
| 8:06 | Construir | Lumber Camp |
| 8:28 | Construir | House |
| 8:35 | Construir | House |
| 8:40 | Crear | Villager (Male) |
| 8:54 | Construir | Barracks |
| 9:07 | Construir | House |
| 9:29 | Edad | Edad Feudal |
| 9:41 | Crear | Villager (Male) |
| 9:46 | Construir | Stable |
| 9:47 | Crear | Villager (Male) |
| 10:07 | Crear | Villager (Male) |
| 10:15 | Construir | Farm |
| 10:18 | Construir | Farm |
| 10:27 | Crear | Villager (Male) |
| 10:37 | Construir | Blacksmith |
| 10:39 | Crear | Villager (Male) |
| 10:43 | Construir | Farm |
| 10:47 | Crear | Scout Cavalry |
| 10:47 | Crear | Scout Cavalry |
| 10:48 | Crear | Scout Cavalry |
| 10:58 | Construir | Palisade Wall |
| 11:04 | Crear | Spearman |
| 11:11 | Crear | Villager (Male) |
| 11:14 | Construir | Farm |
| 11:22 | Construir | House |
| 11:39 | Crear | Scout Cavalry |
| 11:47 | Crear | Villager (Male) |
| 11:58 | Construir | Farm |
| 12:01 | Construir | Farm |
| 12:02 | Crear | Villager (Male) |
| 12:22 | Crear | Villager (Male) |
| 12:23 | Construir | Farm |
| 12:25 | Construir | Farm |
| 12:37 | Investigar | Forging |
| 12:37 | Crear | Villager (Male) |
| 12:44 | Crear | Villager (Male) |
| 12:46 | Construir | Farm |
| 13:33 | Crear | Villager (Male) |
| 13:37 | Construir | Farm |
| 13:38 | Crear | Villager (Male) |
| 13:41 | Construir | Mining Camp |
| 13:56 | Crear | Scout Cavalry |
| 14:05 | Crear | Spearman |
| 14:05 | Crear | Spearman |
| 14:06 | Crear | Villager (Male) |
| 14:08 | Construir | Farm |
| 14:09 | Construir | Farm |
| 14:10 | Construir | Farm |
| 14:11 | Crear | Villager (Male) |
| 14:16 | Construir | Palisade Gate |
| 14:33 | Crear | Spearman |
| 14:47 | Construir | Watch Tower |
| 14:51 | Crear | Villager (Male) |
| 14:53 | Construir | House |
| 14:56 | Construir | House |
| 15:06 | Construir | Palisade Wall |
| 15:16 | Construir | Palisade Wall |
| 15:19 | Construir | Palisade Wall |
| 15:20 | Construir | Palisade Wall |
| 15:22 | Construir | Palisade Wall |
| 16:16 | Crear | Villager (Male) |
| 16:19 | Crear | Scout Cavalry |
| 16:20 | Crear | Villager (Male) |
| 16:22 | Construir | Farm |
| 16:26 | Construir | Mining Camp |
| 16:41 | Construir | Watch Tower |
| 16:46 | Crear | Villager (Male) |
| 16:55 | Construir | Market |
| 16:58 | Construir | House |
| 17:08 | Construir | Palisade Wall |
| 17:09 | Construir | Palisade Wall |
| 17:13 | Construir | Palisade Wall |
| 17:24 | Crear | Villager (Male) |
| 17:30 | Construir | Farm |
| 17:31 | Crear | Villager (Male) |
| 17:51 | Construir | Farm |
| 17:52 | Construir | Farm |
| 17:53 | Construir | Farm |
| 17:58 | Crear | Villager (Male) |
| 18:13 | Construir | Farm |
| 18:16 | Crear | Villager (Male) |
| 18:57 | Construir | House |
| 19:29 | Construir | Watch Tower |
| 19:32 | Crear | Villager (Male) |
| 19:51 | Crear | Villager (Male) |
| 19:54 | Construir | Farm |
| 19:55 | Crear | Villager (Male) |
| 20:07 | Construir | Watch Tower |
| 21:06 | Investigar | Castle Age |
| 21:39 | Investigar | Scale Barding Armor |
| 21:49 | Construir | Watch Tower |
| 23:16 | Crear | Villager (Male) |
| 23:46 | Edad | Edad de los Castillos |
| 23:49 | Crear | Knight |
| 23:49 | Crear | Knight |
| 24:02 | Crear | Knight |
| 24:05 | Construir | Stable |
| 24:48 | Crear | Villager (Male) |
| 24:48 | Crear | Villager (Male) |
| 24:56 | Crear | Knight |
| 25:09 | Construir | Siege Workshop |
| 25:17 | Crear | Villager (Male) |
| 25:17 | Crear | Villager (Male) |
| 25:26 | Construir | Mining Camp |
| 25:45 | Crear | Knight |
| 25:46 | Crear | Knight |
| 25:53 | Crear | Mangonel |
| 25:59 | Construir | Farm |
| 26:28 | Investigar | Husbandry |
| 26:30 | Crear | Villager (Male) |
| 26:37 | Crear | Mangonel |
| 26:57 | Crear | Mangonel |
| 27:17 | Crear | Knight |
| 27:17 | Crear | Knight |
| 27:18 | Crear | Villager (Male) |
| 27:20 | Construir | Farm |
| 27:21 | Construir | Farm |
| 28:07 | Crear | Knight |
Build order — [Slowhand] Jose023
Primeras 150 de 398 acciones detectadas
| 0:06 | Investigar | Loom |
| 0:06 | Crear | Villager (Male) |
| 0:07 | Construir | House |
| 0:09 | Construir | House |
| 0:12 | Crear | Villager (Male) |
| 0:12 | Crear | Villager (Male) |
| 0:13 | Crear | Villager (Male) |
| 1:17 | Construir | Lumber Camp |
| 1:18 | Crear | Villager (Male) |
| 1:38 | Crear | Villager (Male) |
| 1:53 | Crear | Villager (Male) |
| 2:31 | Crear | Villager (Male) |
| 2:52 | Construir | Mill |
| 3:01 | Crear | Villager (Male) |
| 3:04 | Construir | House |
| 3:11 | Crear | Villager (Male) |
| 3:12 | Crear | Villager (Male) |
| 3:49 | Crear | Villager (Male) |
| 4:27 | Construir | House |
| 4:30 | Crear | Villager (Male) |
| 4:30 | Crear | Villager (Male) |
| 4:31 | Crear | Villager (Male) |
| 4:44 | Crear | Villager (Male) |
| 5:09 | Crear | Villager (Male) |
| 5:21 | Crear | Villager (Male) |
| 5:36 | Crear | Villager (Male) |
| 6:01 | Construir | Barracks |
| 6:12 | Crear | Villager (Male) |
| 6:36 | Construir | Mining Camp |
| 6:42 | Investigar | Feudal Age |
| 7:10 | Construir | House |
| 7:13 | Crear | Villager (Male) |
| 7:37 | Construir | Lumber Camp |
| 7:57 | Crear | Villager (Male) |
| 8:56 | Edad | Edad Feudal |
| 9:07 | Construir | Archery Range |
| 9:21 | Construir | Archery Range |
| 9:40 | Crear | Villager (Male) |
| 9:44 | Investigar | Double-Bit Axe |
| 9:45 | Crear | Villager (Male) |
| 10:02 | Crear | Archer |
| 10:04 | Construir | House |
| 10:08 | Crear | Villager (Male) |
| 10:15 | Crear | Villager (Male) |
| 10:21 | Crear | Villager (Male) |
| 10:28 | Crear | Archer |
| 10:39 | Crear | Archer |
| 10:42 | Construir | House |
| 10:45 | Crear | Villager (Male) |
| 10:52 | Crear | Villager (Male) |
| 10:56 | Construir | House |
| 10:59 | Crear | Archer |
| 11:00 | Crear | Archer |
| 11:03 | Crear | Spearman |
| 11:18 | Construir | Farm |
| 11:20 | Construir | Farm |
| 11:21 | Crear | Villager (Male) |
| 11:22 | Crear | Villager (Male) |
| 11:24 | Crear | Archer |
| 11:44 | Construir | House |
| 11:53 | Construir | Blacksmith |
| 11:55 | Crear | Villager (Male) |
| 11:56 | Crear | Villager (Male) |
| 12:00 | Construir | House |
| 12:04 | Crear | Archer |
| 12:07 | Crear | Archer |
| 12:24 | Crear | Villager (Male) |
| 12:40 | Crear | Archer |
| 12:43 | Construir | Farm |
| 12:46 | Construir | House |
| 12:52 | Crear | Villager (Male) |
| 12:52 | Crear | Archer |
| 13:16 | Investigar | Fletching |
| 13:21 | Construir | House |
| 13:26 | Construir | Farm |
| 13:27 | Construir | Farm |
| 13:34 | Crear | Archer |
| 13:35 | Crear | Archer |
| 13:45 | Construir | Farm |
| 13:55 | Investigar | Padded Archer Armor |
| 14:02 | Construir | Farm |
| 14:04 | Construir | Farm |
| 14:13 | Construir | Palisade Wall |
| 14:17 | Crear | Archer |
| 14:18 | Crear | Archer |
| 14:21 | Crear | Archer |
| 14:22 | Crear | Villager (Male) |
| 14:31 | Crear | Villager (Male) |
| 14:52 | Crear | Archer |
| 15:16 | Crear | Archer |
| 15:16 | Crear | Archer |
| 15:18 | Crear | Villager (Male) |
| 15:19 | Crear | Villager (Male) |
| 15:34 | Crear | Archer |
| 15:36 | Construir | Farm |
| 15:38 | Construir | Farm |
| 15:38 | Construir | Farm |
| 15:38 | Construir | Farm |
| 15:39 | Construir | Farm |
| 15:39 | Construir | Farm |
| 15:48 | Crear | Villager (Male) |
| 15:49 | Crear | Archer |
| 15:55 | Crear | Spearman |
| 15:55 | Crear | Spearman |
| 15:55 | Crear | Spearman |
| 15:59 | Construir | Farm |
| 16:09 | Crear | Villager (Male) |
| 16:15 | Crear | Archer |
| 16:46 | Crear | Archer |
| 16:51 | Crear | Archer |
| 16:51 | Crear | Villager (Male) |
| 16:58 | Crear | Villager (Male) |
| 17:02 | Construir | Farm |
| 17:02 | Construir | Farm |
| 17:02 | Construir | Farm |
| 17:03 | Construir | Farm |
| 17:04 | Crear | Villager (Male) |
| 17:29 | Crear | Archer |
| 17:33 | Crear | Villager (Male) |
| 17:40 | Crear | Archer |
| 17:41 | Crear | Villager (Male) |
| 17:48 | Construir | Lumber Camp |
| 17:51 | Crear | Villager (Male) |
| 17:57 | Crear | Villager (Male) |
| 18:01 | Construir | Farm |
| 18:02 | Crear | Villager (Male) |
| 18:28 | Crear | Villager (Male) |
| 18:35 | Investigar | Wheelbarrow |
| 18:39 | Construir | House |
| 18:41 | Construir | House |
| 19:42 | Construir | House |
| 19:44 | Construir | Farm |
| 19:57 | Investigar | Castle Age |
| 20:02 | Crear | Archer |
| 20:07 | Construir | Archery Range |
| 20:10 | Investigar | Horse Collar |
| 20:40 | Crear | Spearman |
| 21:03 | Crear | Archer |
| 21:03 | Crear | Archer |
| 21:03 | Crear | Archer |
| 21:04 | Crear | Spearman |
| 21:21 | Construir | Farm |
| 21:31 | Crear | Archer |
| 21:31 | Crear | Archer |
| 21:31 | Crear | Archer |
| 21:58 | Crear | Archer |
| 21:59 | Crear | Archer |
| 21:59 | Crear | Archer |
| 22:02 | Construir | Farm |
| 22:05 | Construir | Farm |
Build order — itzdartzz_
Primeras 150 de 276 acciones detectadas
| 0:02 | Construir | House |
| 0:06 | Construir | House |
| 0:11 | Crear | Villager (Male) ×4 |
| 1:10 | Crear | Villager (Male) |
| 2:00 | Construir | Lumber Camp |
| 2:01 | Crear | Villager (Male) |
| 2:21 | Crear | Villager (Male) |
| 3:02 | Construir | Mill |
| 3:12 | Construir | Mill |
| 3:38 | Crear | Villager (Male) |
| 4:27 | Crear | Villager (Male) |
| 4:47 | Construir | House |
| 4:48 | Construir | House |
| 4:55 | Investigar | Loom |
| 4:56 | Crear | Villager (Male) |
| 4:56 | Crear | Villager (Male) |
| 5:09 | Crear | Villager (Male) |
| 5:26 | Crear | Villager (Male) |
| 5:59 | Construir | Mill |
| 6:11 | Crear | Villager (Male) |
| 6:47 | Crear | Villager (Male) |
| 7:24 | Crear | Villager (Male) |
| 7:43 | Construir | Farm |
| 7:44 | Construir | Farm |
| 7:44 | Construir | Farm |
| 7:44 | Construir | Farm |
| 7:46 | Construir | Farm |
| 7:48 | Crear | Villager (Male) |
| 7:57 | Construir | House |
| 8:03 | Crear | Villager (Male) |
| 8:14 | Construir | Palisade Wall |
| 8:34 | Crear | Villager (Male) |
| 8:55 | Crear | Villager (Male) |
| 9:00 | Construir | Barracks |
| 9:32 | Crear | Villager (Male) |
| 10:18 | Crear | Villager (Male) |
| 10:24 | Crear | Villager (Male) |
| 10:33 | Construir | Mining Camp |
| 10:37 | Crear | Villager (Male) |
| 10:52 | Investigar | Feudal Age |
| 10:54 | Crear | Villager (Male) |
| 11:10 | Construir | House |
| 11:14 | Crear | Villager (Male) |
| 11:38 | Construir | Palisade Wall |
| 11:40 | Construir | Palisade Wall |
| 11:51 | Crear | Villager (Male) |
| 12:33 | Construir | Lumber Camp |
| 12:39 | Crear | Villager (Male) |
| 12:49 | Construir | Palisade Wall |
| 12:52 | Construir | Palisade Wall |
| 12:54 | Construir | Palisade Wall |
| 13:04 | Edad | Edad Feudal |
| 13:07 | Crear | Spearman |
| 13:07 | Crear | Spearman |
| 13:20 | Construir | Archery Range |
| 13:31 | Crear | Spearman |
| 13:40 | Construir | Archery Range |
| 13:51 | Crear | Spearman |
| 14:07 | Crear | Spearman |
| 14:09 | Crear | Archer |
| 14:09 | Crear | Archer |
| 14:12 | Crear | Villager (Male) |
| 14:15 | Crear | Villager (Male) |
| 14:18 | Investigar | Horse Collar |
| 14:23 | Investigar | Gold Mining |
| 14:26 | Investigar | Double-Bit Axe |
| 14:27 | Crear | Villager (Male) |
| 14:40 | Construir | House |
| 14:42 | Construir | House |
| 14:49 | Crear | Villager (Male) |
| 14:54 | Construir | Blacksmith |
| 15:07 | Crear | Archer |
| 15:07 | Crear | Archer |
| 15:29 | Crear | Archer |
| 15:30 | Crear | Archer |
| 15:51 | Investigar | Fletching |
| 15:53 | Investigar | Padded Archer Armor |
| 16:00 | Crear | Villager (Male) |
| 16:05 | Crear | Villager (Male) |
| 16:41 | Crear | Villager (Male) ×5 |
| 17:04 | Crear | Archer |
| 17:04 | Crear | Archer |
| 17:12 | Construir | Farm |
| 17:12 | Construir | Farm |
| 17:12 | Construir | Farm |
| 17:12 | Construir | Farm |
| 17:13 | Construir | Farm |
| 17:13 | Construir | Farm |
| 17:13 | Construir | Farm |
| 17:13 | Construir | Farm |
| 17:13 | Construir | Farm |
| 17:14 | Construir | Farm |
| 17:14 | Construir | Farm |
| 17:14 | Construir | Farm |
| 17:14 | Construir | Farm |
| 17:14 | Construir | Farm |
| 17:20 | Construir | House |
| 17:22 | Construir | House |
| 17:33 | Crear | Villager (Male) |
| 17:40 | Investigar | Wheelbarrow |
| 17:43 | Crear | Villager (Male) |
| 17:43 | Crear | Villager (Male) |
| 17:49 | Construir | Farm |
| 18:02 | Crear | Villager (Male) ×3 |
| 18:31 | Construir | Farm |
| 18:47 | Crear | Archer |
| 18:47 | Crear | Archer |
| 19:13 | Crear | Archer |
| 19:13 | Crear | Archer |
| 19:22 | Construir | Farm |
| 19:24 | Crear | Archer |
| 19:24 | Crear | Archer |
| 19:49 | Crear | Villager (Male) |
| 20:01 | Crear | Archer |
| 20:01 | Crear | Archer |
| 21:01 | Crear | Archer |
| 21:01 | Crear | Archer |
| 21:16 | Construir | Archery Range |
| 21:18 | Construir | Archery Range |
| 21:23 | Investigar | Castle Age |
| 22:01 | Crear | Archer |
| 22:01 | Crear | Archer |
| 22:02 | Crear | Villager (Male) |
| 22:07 | Construir | House |
| 22:09 | Construir | House |
| 22:19 | Investigar | Town Watch |
| 22:26 | Crear | Spearman ×5 |
| 22:26 | Crear | Spearman ×5 |
| 23:07 | Construir | Mill |
| 23:14 | Construir | Barracks |
| 23:20 | Investigar | Scale Mail Armor |
| 23:21 | Investigar | Forging |
| 23:28 | Crear | Archer ×5 |
| 23:41 | Crear | Villager (Male) ×5 |
| 24:00 | Crear | Spearman |
| 24:01 | Crear | Spearman |
| 24:03 | Edad | Edad de los Castillos |
| 24:14 | Construir | Mining Camp |
| 24:18 | Investigar | Crossbowman (upgrade) |
| 24:39 | Construir | Siege Workshop |
| 24:46 | Crear | Villager (Male) |
| 24:48 | Crear | Archer |
| 25:03 | Crear | Villager (Male) |
| 25:07 | Construir | House |
| 25:08 | Construir | House |
| 25:09 | Construir | House |
| 25:14 | Construir | House |
| 25:15 | Construir | House |
| 25:44 | Crear | Villager (Male) |
| 25:49 | Crear | Mangonel |
Build order — Lord_Juanuribe
Primeras 150 de 226 acciones detectadas
| 0:00 | Crear | Villager (Male) |
| 0:01 | Crear | Villager (Male) |
| 0:01 | Crear | Villager (Male) |
| 0:01 | Crear | Villager (Male) |
| 0:02 | Construir | House |
| 0:04 | Construir | House |
| 1:05 | Crear | Villager (Male) |
| 1:05 | Crear | Villager (Male) |
| 1:56 | Crear | Villager (Male) |
| 2:17 | Crear | Villager (Male) |
| 2:46 | Construir | House |
| 3:08 | Crear | Villager (Male) |
| 3:29 | Construir | Mill |
| 3:38 | Construir | Lumber Camp |
| 3:50 | Crear | Villager (Male) |
| 3:50 | Crear | Villager (Male) |
| 3:52 | Crear | Villager (Male) |
| 3:59 | Crear | Villager (Male) |
| 4:19 | Crear | Villager (Male) |
| 4:55 | Crear | Villager (Male) |
| 5:08 | Investigar | Loom |
| 5:42 | Construir | Mill |
| 6:10 | Crear | Villager (Male) |
| 6:41 | Investigar | Feudal Age |
| 8:01 | Construir | Barracks |
| 8:35 | Crear | Villager (Male) |
| 8:51 | Edad | Edad Feudal |
| 9:01 | Construir | House |
| 9:07 | Investigar | Double-Bit Axe |
| 9:16 | Construir | Stable |
| 9:35 | Construir | House |
| 9:42 | Crear | Villager (Male) |
| 10:01 | Crear | Scout Cavalry |
| 10:02 | Crear | Scout Cavalry |
| 10:02 | Crear | Scout Cavalry |
| 10:02 | Crear | Scout Cavalry |
| 10:02 | Crear | Scout Cavalry |
| 10:18 | Crear | Villager (Male) |
| 11:06 | Construir | Farm |
| 11:07 | Construir | Farm |
| 11:08 | Construir | Farm |
| 11:09 | Construir | Farm |
| 11:12 | Construir | House |
| 11:34 | Crear | Villager (Male) |
| 11:36 | Construir | Farm |
| 11:39 | Construir | Farm |
| 11:44 | Construir | Farm |
| 11:45 | Crear | Villager (Male) |
| 11:54 | Crear | Scout Cavalry |
| 12:10 | Construir | Blacksmith |
| 12:18 | Construir | Palisade Wall |
| 12:27 | Crear | Villager (Male) |
| 12:35 | Crear | Villager (Male) |
| 12:43 | Crear | Scout Cavalry |
| 13:05 | Construir | Farm |
| 13:06 | Crear | Villager (Male) |
| 13:21 | Construir | Farm |
| 13:25 | Investigar | Scale Barding Armor |
| 13:44 | Crear | Villager (Male) |
| 13:46 | Construir | Farm |
| 13:50 | Construir | House |
| 13:58 | Crear | Villager (Male) |
| 14:26 | Crear | Spearman |
| 14:30 | Investigar | Forging |
| 15:30 | Crear | Scout Cavalry |
| 15:30 | Crear | Scout Cavalry |
| 15:31 | Crear | Scout Cavalry |
| 15:44 | Construir | Farm |
| 15:49 | Crear | Villager (Male) |
| 15:49 | Crear | Villager (Male) |
| 15:51 | Construir | Farm |
| 15:51 | Construir | Farm |
| 15:55 | Construir | Farm |
| 15:56 | Construir | Farm |
| 15:58 | Construir | Farm |
| 16:01 | Construir | Farm |
| 16:03 | Construir | Farm |
| 16:06 | Crear | Scout Cavalry |
| 16:27 | Construir | Farm |
| 16:29 | Crear | Villager (Male) |
| 16:30 | Crear | Villager (Male) |
| 16:45 | Crear | Villager (Male) |
| 17:30 | Crear | Scout Cavalry |
| 17:30 | Crear | Scout Cavalry |
| 17:34 | Construir | Mining Camp |
| 17:39 | Crear | Villager (Male) |
| 17:40 | Crear | Villager (Male) |
| 17:49 | Crear | Scout Cavalry |
| 17:50 | Crear | Scout Cavalry |
| 18:11 | Construir | House |
| 18:22 | Crear | Militia |
| 18:23 | Crear | Militia |
| 18:26 | Crear | Spearman |
| 18:37 | Construir | House |
| 18:38 | Construir | House |
| 18:44 | Crear | Scout Cavalry |
| 18:49 | Crear | Villager (Male) |
| 18:49 | Crear | Villager (Male) |
| 19:01 | Crear | Spearman |
| 20:02 | Crear | Spearman |
| 20:02 | Crear | Spearman |
| 20:05 | Crear | Villager (Male) |
| 21:09 | Investigar | Castle Age |
| 23:41 | Construir | Stable |
| 23:44 | Crear | Villager (Male) |
| 23:49 | Edad | Edad de los Castillos |
| 23:52 | Crear | Knight |
| 23:52 | Crear | Knight |
| 24:11 | Crear | Spearman |
| 24:11 | Crear | Spearman |
| 24:20 | Crear | Knight |
| 24:24 | Crear | Knight |
| 24:47 | Crear | Villager (Male) |
| 24:50 | Crear | Villager (Male) |
| 24:57 | Construir | Town Center |
| 25:17 | Construir | Town Center |
| 25:42 | Crear | Villager (Male) |
| 25:43 | Crear | Villager (Male) |
| 25:44 | Crear | Villager (Male) |
| 25:59 | Construir | Lumber Camp |
| 26:58 | Construir | Farm |
| 27:02 | Construir | Farm |
| 27:05 | Construir | Farm |
| 27:20 | Crear | Villager (Male) |
| 27:57 | Construir | Siege Workshop |
| 28:08 | Crear | Spearman |
| 28:08 | Crear | Spearman |
| 28:30 | Construir | Market |
| 29:02 | Construir | Mining Camp |
| 29:14 | Crear | Villager (Male) |
| 29:55 | Construir | Town Center |
| 30:02 | Crear | Villager (Male) |
| 30:02 | Crear | Villager (Male) |
| 30:03 | Crear | Villager (Male) |
| 30:03 | Crear | Villager (Male) |
| 30:03 | Crear | Villager (Male) |
| 30:04 | Crear | Villager (Male) |
| 30:33 | Crear | Mangonel |
| 31:04 | Crear | Villager (Male) |
| 31:14 | Investigar | Gold Mining |
| 31:44 | Crear | Villager (Male) |
| 31:45 | Crear | Villager (Male) |
| 31:54 | Crear | Villager (Male) |
| 31:54 | Crear | Villager (Male) |
| 32:05 | Construir | Farm |
| 32:33 | Crear | Villager (Male) |
| 32:36 | Crear | Villager (Male) |
| 32:39 | Construir | Farm |
| 32:41 | Construir | Farm |
| 32:48 | Construir | Farm |
Build order — [_M_] S_Madro
Primeras 150 de 406 acciones detectadas
| 0:02 | Crear | Villager (Male) |
| 0:03 | Crear | Villager (Male) |
| 0:04 | Construir | House |
| 0:05 | Construir | House |
| 0:08 | Construir | House |
| 0:11 | Investigar | Loom |
| 0:42 | Crear | Villager (Male) |
| 0:46 | Crear | Villager (Male) |
| 0:46 | Crear | Villager (Male) |
| 0:50 | Crear | Villager (Male) |
| 0:50 | Crear | Villager (Male) |
| 0:50 | Crear | Villager (Male) |
| 1:22 | Construir | Lumber Camp |
| 1:25 | Crear | Villager (Male) |
| 1:25 | Crear | Villager (Male) |
| 2:10 | Crear | Villager (Male) |
| 2:11 | Crear | Villager (Male) |
| 2:13 | Crear | Villager (Male) |
| 3:08 | Crear | Villager (Male) |
| 3:27 | Construir | Mill |
| 3:30 | Crear | Villager (Male) |
| 3:57 | Crear | Villager (Male) |
| 4:16 | Crear | Villager (Male) |
| 4:46 | Crear | Villager (Male) |
| 5:02 | Construir | Mill |
| 5:21 | Construir | House |
| 6:07 | Crear | Villager (Male) |
| 6:28 | Crear | Villager (Male) |
| 7:13 | Investigar | Feudal Age |
| 7:13 | Investigar | Feudal Age |
| 8:03 | Construir | Barracks |
| 8:16 | Construir | Palisade Wall |
| 8:50 | Construir | House |
| 9:23 | Edad | Edad Feudal |
| 9:26 | Construir | Stable |
| 9:30 | Investigar | Double-Bit Axe |
| 10:13 | Construir | Farm |
| 10:21 | Crear | Scout Cavalry |
| 10:21 | Crear | Scout Cavalry |
| 10:23 | Crear | Scout Cavalry |
| 10:30 | Construir | Farm |
| 10:32 | Construir | Farm |
| 10:32 | Construir | Farm |
| 10:32 | Construir | Farm |
| 10:33 | Construir | Farm |
| 10:59 | Construir | Farm |
| 10:59 | Construir | Farm |
| 11:04 | Crear | Scout Cavalry |
| 11:19 | Construir | Farm |
| 11:27 | Construir | Stable |
| 11:45 | Crear | Scout Cavalry |
| 11:48 | Construir | Farm |
| 11:51 | Crear | Villager (Male) |
| 11:57 | Construir | House |
| 11:58 | Construir | Palisade Wall |
| 12:14 | Construir | Palisade Wall |
| 13:14 | Crear | Scout Cavalry |
| 13:14 | Crear | Scout Cavalry |
| 13:18 | Construir | Blacksmith |
| 13:26 | Construir | Farm |
| 13:27 | Crear | Villager (Male) |
| 13:40 | Construir | Palisade Wall |
| 14:00 | Construir | Farm |
| 14:08 | Construir | Palisade Wall |
| 14:20 | Crear | Scout Cavalry |
| 14:20 | Crear | Scout Cavalry |
| 14:24 | Construir | House |
| 14:39 | Crear | Spearman |
| 14:48 | Construir | House |
| 15:13 | Construir | House |
| 15:31 | Construir | House |
| 15:32 | Construir | Palisade Wall |
| 15:37 | Crear | Villager (Male) |
| 15:37 | Crear | Villager (Male) |
| 15:37 | Crear | Villager (Male) |
| 15:41 | Crear | Spearman |
| 15:41 | Crear | Spearman |
| 15:45 | Crear | Scout Cavalry |
| 15:45 | Crear | Scout Cavalry |
| 15:48 | Construir | House |
| 15:53 | Construir | Farm |
| 15:59 | Construir | House |
| 16:09 | Construir | Farm |
| 16:29 | Investigar | Scale Barding Armor |
| 16:29 | Investigar | Scale Barding Armor |
| 16:31 | Crear | Scout Cavalry |
| 16:31 | Crear | Scout Cavalry |
| 16:45 | Construir | Farm |
| 16:46 | Crear | Villager (Male) |
| 17:01 | Construir | Farm |
| 17:21 | Crear | Villager (Male) |
| 17:29 | Construir | Farm |
| 17:44 | Crear | Villager (Male) |
| 18:00 | Construir | Mining Camp |
| 18:05 | Crear | Villager (Male) |
| 18:06 | Construir | Farm |
| 18:20 | Crear | Villager (Male) |
| 18:40 | Crear | Scout Cavalry |
| 18:41 | Crear | Scout Cavalry |
| 18:53 | Crear | Villager (Male) |
| 18:54 | Construir | Farm |
| 19:28 | Construir | Farm |
| 19:29 | Crear | Villager (Male) |
| 19:31 | Investigar | Horse Collar |
| 19:32 | Investigar | Horse Collar |
| 20:13 | Crear | Villager (Male) |
| 20:26 | Construir | Lumber Camp |
| 20:31 | Crear | Villager (Male) |
| 20:31 | Crear | Villager (Male) |
| 20:41 | Investigar | Forging |
| 20:47 | Crear | Villager (Male) |
| 21:09 | Investigar | Bloodlines |
| 21:10 | Crear | Scout Cavalry |
| 21:10 | Crear | Scout Cavalry |
| 21:12 | Crear | Villager (Male) |
| 21:22 | Construir | Farm |
| 21:23 | Construir | Farm |
| 21:26 | Crear | Villager (Male) |
| 21:44 | Crear | Scout Cavalry |
| 21:44 | Crear | Scout Cavalry |
| 21:57 | Crear | Villager (Male) |
| 22:05 | Crear | Villager (Male) |
| 22:17 | Crear | Villager (Male) |
| 22:27 | Crear | Villager (Male) |
| 22:52 | Crear | Scout Cavalry |
| 22:55 | Construir | Farm |
| 23:14 | Construir | Market |
| 23:22 | Construir | Farm |
| 23:22 | Construir | Farm |
| 23:46 | Crear | Villager (Male) |
| 23:53 | Construir | Farm |
| 24:23 | Crear | Villager (Male) |
| 24:23 | Crear | Villager (Male) |
| 24:24 | Construir | Farm |
| 24:34 | Construir | Mining Camp |
| 24:35 | Crear | Villager (Male) |
| 24:35 | Crear | Villager (Male) |
| 25:19 | Investigar | Castle Age |
| 25:19 | Investigar | Castle Age |
| 25:47 | Construir | House |
| 25:48 | Construir | Palisade Wall |
| 26:00 | Construir | House |
| 26:10 | Construir | Stable |
| 26:47 | Crear | Scout Cavalry |
| 26:47 | Crear | Scout Cavalry |
| 26:51 | Crear | Villager (Male) |
| 26:52 | Construir | Farm |
| 26:53 | Construir | Farm |
| 27:13 | Crear | Villager (Male) |
| 27:16 | Construir | Farm |
Build order — Feathers McGraw
Primeras 150 de 243 acciones detectadas
| 0:00 | Crear | Villager (Male) |
| 0:01 | Crear | Villager (Male) |
| 0:01 | Crear | Villager (Male) |
| 0:01 | Crear | Villager (Male) |
| 0:04 | Investigar | Loom |
| 0:16 | Construir | House |
| 0:22 | Construir | House |
| 0:32 | Crear | Villager (Male) |
| 0:32 | Crear | Villager (Male) |
| 0:33 | Crear | Villager (Male) |
| 0:33 | Crear | Villager (Male) |
| 0:33 | Crear | Villager (Male) |
| 1:28 | Crear | Villager (Male) |
| 1:51 | Crear | Villager (Male) |
| 2:57 | Construir | Settlement |
| 3:08 | Crear | Villager (Male) |
| 3:37 | Crear | Villager (Male) |
| 3:59 | Crear | Villager (Male) |
| 4:20 | Construir | Settlement |
| 4:23 | Crear | Villager (Male) |
| 4:35 | Crear | Villager (Male) |
| 5:18 | Crear | Villager (Male) |
| 5:39 | Crear | Villager (Male) |
| 6:01 | Crear | Villager (Male) |
| 6:31 | Investigar | Feudal Age |
| 7:24 | Crear | Villager (Male) |
| 7:28 | Construir | Barracks |
| 7:58 | Construir | Settlement |
| 8:43 | Edad | Edad Feudal |
| 8:45 | Construir | Archery Range |
| 8:52 | Investigar | Double-Bit Axe |
| 8:53 | Crear | Villager (Male) |
| 9:21 | Investigar | Horse Collar |
| 9:22 | Crear | Villager (Male) |
| 9:36 | Crear | Villager (Male) |
| 9:46 | Crear | Archer |
| 10:07 | Construir | Archery Range |
| 10:14 | Crear | Archer |
| 10:14 | Crear | Villager (Male) |
| 10:32 | Construir | House |
| 10:33 | Construir | Palisade Wall |
| 10:36 | Construir | Palisade Wall |
| 10:48 | Construir | Palisade Wall |
| 10:49 | Crear | Villager (Male) |
| 10:59 | Construir | House |
| 11:04 | Crear | Villager (Male) |
| 11:08 | Crear | Archer |
| 11:08 | Crear | Archer |
| 11:26 | Construir | House |
| 11:28 | Construir | Palisade Gate |
| 11:45 | Construir | Palisade Wall |
| 11:48 | Construir | Palisade Wall |
| 11:52 | Crear | Villager (Male) |
| 11:53 | Crear | Villager (Male) |
| 11:55 | Crear | Archer |
| 11:56 | Crear | Archer |
| 12:01 | Construir | Blacksmith |
| 12:03 | Construir | House |
| 12:09 | Crear | Villager (Male) |
| 12:15 | Construir | Farm |
| 12:32 | Crear | Archer |
| 12:32 | Crear | Archer |
| 12:35 | Construir | Palisade Wall |
| 12:43 | Construir | Farm |
| 12:53 | Investigar | Fletching |
| 12:56 | Crear | Villager (Male) |
| 13:02 | Construir | Farm |
| 13:09 | Construir | Farm |
| 13:15 | Crear | Archer |
| 13:15 | Crear | Archer |
| 13:22 | Crear | Archer |
| 13:30 | Construir | Farm |
| 13:42 | Construir | Farm |
| 13:53 | Crear | Villager (Male) |
| 14:04 | Construir | Farm |
| 14:05 | Construir | Farm |
| 14:13 | Crear | Archer |
| 14:13 | Crear | Archer |
| 14:18 | Crear | Archer |
| 14:24 | Construir | Farm |
| 14:38 | Crear | Villager (Male) |
| 14:41 | Crear | Archer |
| 14:41 | Crear | Archer |
| 14:55 | Crear | Spearman |
| 15:25 | Construir | Farm |
| 15:26 | Construir | Farm |
| 15:28 | Construir | Farm |
| 15:29 | Construir | Farm |
| 15:43 | Construir | House |
| 15:46 | Construir | Palisade Wall |
| 16:11 | Crear | Villager (Male) |
| 16:43 | Crear | Skirmisher ×5 |
| 16:44 | Crear | Villager (Male) |
| 17:03 | Crear | Villager (Male) |
| 17:31 | Investigar | Padded Archer Armor |
| 17:43 | Construir | House |
| 17:45 | Construir | House |
| 17:56 | Crear | Villager (Male) |
| 17:59 | Crear | Skirmisher ×2 |
| 18:41 | Crear | Skirmisher ×3 |
| 19:09 | Crear | Villager (Male) |
| 19:47 | Crear | Villager (Male) |
| 19:59 | Crear | Villager (Male) |
| 20:12 | Construir | Farm |
| 20:13 | Construir | Farm |
| 20:15 | Construir | Farm |
| 20:16 | Construir | Farm |
| 20:17 | Construir | Farm |
| 20:33 | Crear | Villager (Male) |
| 20:43 | Crear | Villager (Male) |
| 20:47 | Construir | Farm |
| 20:48 | Construir | Farm |
| 20:51 | Construir | Farm |
| 20:58 | Construir | Palisade Gate |
| 21:16 | Investigar | Gold Mining |
| 21:26 | Crear | Villager (Male) |
| 21:29 | Investigar | Wheelbarrow |
| 21:45 | Construir | Palisade Wall |
| 21:46 | Construir | Palisade Wall |
| 21:47 | Construir | Palisade Wall |
| 21:50 | Construir | Palisade Gate |
| 21:53 | Crear | Villager (Male) |
| 22:04 | Crear | Spearman ×2 |
| 23:05 | Construir | Palisade Wall |
| 23:20 | Construir | Settlement |
| 23:21 | Crear | Villager (Male) |
| 23:28 | Construir | Watch Tower |
| 23:50 | Investigar | Castle Age |
| 24:04 | Crear | Villager (Male) |
| 25:01 | Investigar | Stone Mining |
| 26:15 | Construir | Market |
| 26:24 | Construir | Outpost |
| 26:30 | Edad | Edad de los Castillos |
| 26:37 | Investigar | Town Watch |
| 26:39 | Investigar | Bow Saw |
| 26:43 | Investigar | Heavy Plow |
| 26:45 | Investigar | Bodkin Arrow |
| 26:46 | Investigar | Leather Archer Armor |
| 26:49 | Crear | Villager (Male) |
| 27:15 | Investigar | Elite Skirmisher (upgrade) |
| 27:17 | Crear | Villager (Male) |
| 27:50 | Construir | Castle |
| 27:55 | Crear | Villager (Male) |
| 28:07 | Construir | University |
| 28:08 | Crear | Villager (Male) |
| 28:12 | Crear | Villager (Male) |
| 28:44 | Crear | Villager (Male) |
| 29:00 | Investigar | Ballistics |
| 29:11 | Crear | Unit 2579 ×5 |
| 29:42 | Crear | Villager (Male) |
Cronología de la partida
| 6:01 | [Slowhand] Jose023 · first_building Barracks |
| 7:28 | Feathers McGraw · first_building Barracks |
| 8:01 | Lord_Juanuribe · first_building Barracks |
| 8:03 | [_M_] S_Madro · first_building Barracks |
| 8:14 | itzdartzz_ · wall_segment Palisade Wall x8 |
| 8:16 | [_M_] S_Madro · wall_segment Palisade Wall x1 |
| 8:43 | Feathers McGraw · age_up feudal |
| 8:45 | Feathers McGraw · first_building Archery Range |
| 8:51 | Lord_Juanuribe · age_up feudal |
| 8:54 | Kurama · first_building Barracks |
| 8:56 | [Slowhand] Jose023 · age_up feudal |
| 9:00 | itzdartzz_ · first_building Barracks |
| 9:07 | [Slowhand] Jose023 · first_building Archery Range |
| 9:16 | Lord_Juanuribe · first_building Stable |
| 9:23 | [_M_] S_Madro · age_up feudal |
| 9:26 | [_M_] S_Madro · first_building Stable |
| 9:29 | Kurama · age_up feudal |
| 9:46 | Kurama · first_building Stable |
| 10:33 | Feathers McGraw · wall_segment Palisade Wall x1 |
| 10:36 | Feathers McGraw · wall_segment Palisade Wall x7 |
| 10:48 | Feathers McGraw · wall_segment Palisade Wall x12 |
| 10:58 | Kurama · wall_segment Palisade Wall x1 |
| 11:38 | itzdartzz_ · wall_segment Palisade Wall x1 |
| 11:40 | itzdartzz_ · wall_segment Palisade Wall x1 |
| 11:45 | Feathers McGraw · wall_segment Palisade Wall x2 |
| 11:48 | Feathers McGraw · wall_segment Palisade Wall x3 |
| 11:58 | [_M_] S_Madro · wall_segment Palisade Wall x5 |
| 12:14 | [_M_] S_Madro · wall_segment Palisade Wall x3 |
| 12:18 | Lord_Juanuribe · wall_segment Palisade Wall x4 |
| 12:35 | Feathers McGraw · wall_segment Palisade Wall x3 |
| 12:49 | itzdartzz_ · wall_segment Palisade Wall x1 |
| 12:52 | itzdartzz_ · wall_segment Palisade Wall x1 |
| 12:54 | itzdartzz_ · wall_segment Palisade Wall x1 |
| 13:04 | itzdartzz_ · age_up feudal |
| 13:20 | itzdartzz_ · first_building Archery Range |
| 13:40 | [_M_] S_Madro · wall_segment Palisade Wall x5 |
| 14:08 | [_M_] S_Madro · wall_segment Palisade Wall x1 |
| 14:13 | [Slowhand] Jose023 · wall_segment Palisade Wall x17 |
| 15:06 | Kurama · wall_segment Palisade Wall x1 |
| 15:16 | Kurama · wall_segment Palisade Wall x1 |
| 15:19 | Kurama · wall_segment Palisade Wall x1 |
| 15:20 | Kurama · wall_segment Palisade Wall x1 |
| 15:22 | Kurama · wall_segment Palisade Wall x1 |
| 15:32 | [_M_] S_Madro · wall_segment Palisade Wall x3 |
| 15:46 | Feathers McGraw · wall_segment Palisade Wall x1 |
| 17:08 | Kurama · wall_segment Palisade Wall x1 |
| 17:09 | Kurama · wall_segment Palisade Wall x1 |
| 17:13 | Kurama · wall_segment Palisade Wall x1 |
| 19:58 | Kurama · first_market_sell 100 wood |
| 20:17 | Kurama · first_market_buy 100 food |
| 21:45 | Feathers McGraw · wall_segment Palisade Wall x3 |
| 21:46 | Feathers McGraw · wall_segment Palisade Wall x6 |
| 21:47 | Feathers McGraw · wall_segment Palisade Wall x8 |
| 22:37 | [Slowhand] Jose023 · age_up castle |
| 23:05 | Feathers McGraw · wall_segment Palisade Wall x4 |
| 23:46 | Kurama · age_up castle |
| 23:49 | Lord_Juanuribe · age_up castle |
| 24:03 | itzdartzz_ · age_up castle |
| 24:11 | [Slowhand] Jose023 · first_building Monastery |
| 24:39 | itzdartzz_ · first_building Siege Workshop |
| 25:09 | Kurama · first_building Siege Workshop |
| 25:10 | [_M_] S_Madro · first_market_buy 100 food |
| 25:17 | [_M_] S_Madro · first_market_sell 100 wood |
| 25:43 | itzdartzz_ · tribute_sent a jugador 1 |
| 25:43 | itzdartzz_ · tribute_sent a jugador 3 |
| 25:43 | itzdartzz_ · tribute_sent a jugador 4 |
| 25:43 | itzdartzz_ · tribute_sent a jugador 5 |
| 25:43 | itzdartzz_ · tribute_sent a jugador 6 |
| 25:48 | [_M_] S_Madro · wall_segment Palisade Wall x2 |
| 26:30 | Feathers McGraw · age_up castle |
| 27:40 | Feathers McGraw · first_market_buy 100 stone |
| 27:50 | Feathers McGraw · first_building Castle |
| 27:57 | Lord_Juanuribe · first_building Siege Workshop |
| 28:01 | [_M_] S_Madro · age_up castle |
| 28:15 | [_M_] S_Madro · first_building Monastery |
| 29:42 | Lord_Juanuribe · first_market_sell 100 food |
| 29:46 | [Slowhand] Jose023 · first_market_sell 100 food |
| 29:52 | Lord_Juanuribe · first_market_buy 100 stone |
| 30:06 | Kurama · first_building Castle |
| 30:25 | [Slowhand] Jose023 · first_building Castle |
| 30:30 | Feathers McGraw · wall_segment Stone Wall x1 |
| 30:44 | Feathers McGraw · first_market_sell 100 food |
| 33:43 | [Slowhand] Jose023 · age_up imperial |
| 35:54 | [Slowhand] Jose023 · first_market_buy 100 food |
| 36:37 | Lord_Juanuribe · wall_segment Palisade Wall x1 |
| 37:01 | itzdartzz_ · first_building Castle |
| 40:02 | Lord_Juanuribe · first_building Castle |
| 41:05 | itzdartzz_ · first_market_buy 100 food |
| 41:32 | [Slowhand] Jose023 · tribute_sent a jugador 2 |
| 41:32 | [Slowhand] Jose023 · tribute_sent a jugador 3 |
| 41:32 | [Slowhand] Jose023 · tribute_sent a jugador 4 |
| 41:32 | [Slowhand] Jose023 · tribute_sent a jugador 5 |
| 41:32 | [Slowhand] Jose023 · tribute_sent a jugador 6 |
| 41:33 | [_M_] S_Madro · first_building Castle |
| 43:45 | [Slowhand] Jose023 · tribute_sent a jugador 2 |
| 43:45 | [Slowhand] Jose023 · tribute_sent a jugador 3 |
| 43:45 | [Slowhand] Jose023 · tribute_sent a jugador 4 |
| 43:45 | [Slowhand] Jose023 · tribute_sent a jugador 5 |
| 43:45 | [Slowhand] Jose023 · tribute_sent a jugador 6 |
| 44:18 | Lord_Juanuribe · resign |
| 44:36 | itzdartzz_ · age_up imperial |
| 45:20 | [Slowhand] Jose023 · tribute_sent a jugador 2 |
| 45:20 | [Slowhand] Jose023 · tribute_sent a jugador 3 |
| 45:20 | [Slowhand] Jose023 · tribute_sent a jugador 4 |
| 45:20 | [Slowhand] Jose023 · tribute_sent a jugador 5 |
| 45:20 | [Slowhand] Jose023 · tribute_sent a jugador 6 |
| 46:42 | Kurama · first_building Monastery |
| 47:35 | Kurama · age_up imperial |
| 48:19 | [_M_] S_Madro · age_up imperial |
[ ANÁLISIS IA · 1 CRÉDITO ]
¿Qué pasó realmente en esta partida?
Wolo.gg analiza cada decisión: build order, eco, micro, errores típicos por bracket. Análisis personalizado por WhatsApp o Discord en 30 segundos.
Guía civ
Borgoñones
Perfil
Jugador #3758014